cohdb
Replays
Latest Replays
All Replays
Popular Replays
Top Player Replays
Match Explorer
How It Works
Community
CoH3 Stats
Reddit
Sign in to upload your games and track your stats! →
Sign in with Steam
Match 47377447
Unlisted
Match 47377447
Overview
Messages
Build Orders
End
Panzerpioneer Squad
Panzergrenadier Squad
Kradschützen Motorcycle Team
Panzergrenadier Squad
Construct Light Support Kompanie
Fire Support Elements
2.5-tonne Medical Truck
Selects Armored Support Battlegroup
MG34 Team
Construct Mechanized Kompanie
Veteran Squad Leaders
Pak 38 Mechanized Group
Construct Panzerarmee Kommand
Panzer III L Medium Tank
Dauskun
APACHE
大魔王
KG_HyperX
just a LLAMA
JVM
Kitasan
ZeroGhost
0
0
Comments
sign in to comment!
No comments posted yet!